[Event "Late-Titled-Tuesday-Blitz-September-12-2023"]
[Site "Chess.com"]
[Date "2023.09.12"]
[Round "7"]
[White "CURRUTACO59"]
[Black "Gyulamiryan-koryun"]
[Result "1-0"]
[WhiteElo "2259"]
[BlackElo "2003"]
[TimeControl "180+1"]
[EndTime "15:13:25 PDT"]
[Termination "CURRUTACO59 won on time"]

1. Nf3 Nf6 2. d4 g6 3. c4 c5 4. Nc3 cxd4 5. Nxd4 Bg7 6. e3 O-O 7. Be2 Nc6 8. Nc2 e6 9. O-O Ne5 10. b3 Nc6 11. Bb2 Ne8 12. Qd2 d5 13. Rad1 d4 14. exd4 Qa5 15. a3 Nf6 16. b4 Qd8 17. Ne3 Ne7 18. Bf3 Nf5 19. Nxf5 exf5 20. d5 Qd6 21. c5 Qa6 22. d6 Bd7 23. Be2 Qc6 24. Rc1 Ne4 25. Nxe4 Qxe4 26. Bxg7 Kxg7 27. Bf3 Qe6 28.
Qd4+ f6 29. Rfe1 Qb3 30. Rc3 Qa2 31. Rce3 Rf7 32. Bxb7 Raf8 33. Bd5 Qc2 34. R3e2 Qa4 35. Qc3 Bb5 36. Re7 Rxe7 37. Rxe7+ Kh8 38. h3 Qd1+ 39. Kh2 Qxd5 40. Rxa7 Qe5+ 41. Qxe5 fxe5 42. Rb7 Bc6 43.
Rc7 Bb5 44. c6 Rd8 45. d7 1-0

[Event "Late-Titled-Tuesday-Blitz-September-12-2023"]
[Site "Chess.com"]
[Date "2023.09.12"]
[Round "7"]
[White "NotFischer"]
[Black "KorolDimitriy75"]
[Result "1-0"]
[WhiteElo "2305"]
[BlackElo "2362"]
[TimeControl "180+1"]
[EndTime "15:13:26 PDT"]
[Termination "NotFischer won on time"]

1. e4 c5 2. Nf3 d6 3. d4 cxd4 4. Nxd4 Nf6 5. Nc3 g6 6. Bg5 Bg7 7. Bb5+ Bd7 8. a4 O-O 9. Qd2 Nc6 10. Nde2 Qa5 11. O-O Rfe8 12. Rad1 a6 13. Bc4 Rac8 14.
Bb3 Ne5 15. h3 Nc4 16. Bxc4 Rxc4 17. b3 Rcc8 18. f4 Qc5+ 19. Kh2 b5 20. axb5 axb5 21.
e5 b4 22. Na4 Bxa4 23. Bxf6 exf6 24. bxa4 dxe5 25. Ng3 Qxc2 26. Qxb4 exf4 27. Qxf4 Rc4 28. Rd4 1-0

[Event "Late-Titled-Tuesday-Blitz-September-12-2023"]
[Site "Chess.com"]
[Date "2023.09.12"]
[Round "7"]
[White "WaybackBoy"]
[Black "MikaelyanArman"]
[Result "0-1"]
[WhiteElo "2719"]
[BlackElo "2936"]
[TimeControl "180+1"]
[EndTime "15:13:28 PDT"]
[Termination "MikaelyanArman won by resignation"]

1. d4 Nf6 2. c4 d6 3. Nf3 g6 4.
Nc3 Bg7 5. g3 O-O 6. Bg2 Nbd7 7.
O-O e5 8. e4 exd4 9. Nxd4 Re8 10.
h3 Nc5 11. Re1 a5 12. b3 Bd7 13. Rb1 h6 14. Bb2 a4 15. Ndb5 axb3 16. axb3 Bxb5 17. cxb5 h5 18. b4 Ncd7 19. Qb3 h4 20. gxh4 Nh5 21.
Nd5 c6 22. Bxg7 Kxg7 23. bxc6 bxc6 24. Qc3+ Ne5 25. f4 cxd5 26. fxe5 Qb6+ 27. Kh2 d4 28. Qc4 dxe5 29. Rec1 Nf4 30. b5 d3 31. Rf1 Rec8 32. Qb3 Rc2 33. Rxf4 exf4 34. Qxd3 Raa2 35. Rg1 Qxg1+ 36.
Kxg1 Rxg2+ 37. Kf1 Rgb2 38. Qd4+ Kh7 39. Qd1 Rf2+ 40. Ke1 Rh2 0-1

[Event "Late-Titled-Tuesday-Blitz-September-12-2023"]
[Site "Chess.com"]
[Date "2023.09.12"]
[Round "7"]
[White "laskakid"]
[Black "Gogolev_Artemy"]
[Result "1-0"]
[WhiteElo "2259"]
[BlackElo "2398"]
[TimeControl "180+1"]
[EndTime "15:13:28 PDT"]
[Termination "laskakid won on time"]

1. d4 d5 2. c4 c6 3. cxd5 cxd5 4. Bf4 Nf6 5. e3 Nc6 6. Nc3 a6 7. Be2 Bf5 8. Nf3 e6 9. Qb3 Bd6 10. Bxd6 Qxd6 11. O-O O-O 12. Na4 Na5 13. Qc3 Qd8 14. Nc5 Ne4 15. Nxe4 Bxe4 16. Rfc1 Rc8 17. Qb4 Bxf3 18.
Bxf3 Nc4 19. Qxb7 Rb8 20. Qxa6 Rxb2 21. Rab1 Qb8 22. Rxb2 Qxb2 23. Rd1 g6 24. a4 Nd2 25. Be2 Ne4 26. f3 Nc3 27. Re1 Qd2 28. Kf2 Rb8 29.
Qd3 Qb2 30. a5 Ra8 31. a6 1-0

[Event "Late-Titled-Tuesday-Blitz-September-12-2023"]
[Site "Chess.com"]
[Date "2023.09.12"]
[Round "7"]
[White "Jahonas"]
[Black "salomez"]
[Result "1-0"]
[WhiteElo "2443"]
[BlackElo "2293"]
[TimeControl "180+1"]
[EndTime "15:13:31 PDT"]
[Termination "Jahonas won on time"]

1. d4 Nf6 2. Nf3 g6 3. c3 Bg7 4. Bf4 d6 5. e3 O-O 6. h3 Nbd7 7. Bh2 b6 8. Be2 Bb7 9. Nbd2 Qe8 10. O-O e5 11.
dxe5 dxe5 12. Nc4 Rd8 13. Qc1 e4 14. Nd4 Nd5 15. Nb5 Ne5 16. Nxe5 Bxe5 17. Bxe5 Qxe5 18. Rd1 a6 19. Nd4 c5 20. Nb3 f5 21. a3 f4 22. c4 fxe3 23. cxd5 exf2+ 24. Kh1 Bxd5 25. Qe3 Qxb2 26. Rab1 Bxb3 27. Rxb2 Rxd1+ 28. Kh2 Re1 29. Qxb3+ Kg7 30. Qc3+ Kh6 31. Bxa6 e3 32. Re2 f1=Q 33. Qxe1 Qf4+ 34. g3 Qd4 35. Rxe3 Qb2+ 36. Be2 Qd4 37. Bb5 Qb2+ 38. Be2 1-0

[Event "Late-Titled-Tuesday-Blitz-September-12-2023"]
[Site "Chess.com"]
[Date "2023.09.12"]
[Round "7"]
[White "jcmesafischer"]
[Black "ferdipy"]
[Result "1/2-1/2"]
[WhiteElo "2367"]
[BlackElo "2272"]
[TimeControl "180+1"]
[EndTime "15:13:31 PDT"]
[Termination "Game drawn by repetition"]

1. Nf3 e6 2. g3 Nf6 3. Bg2 d5 4. O-O Be7 5. d3 O-O 6. Nbd2 c5 7. e3 Nc6 8. a4 Rb8 9. c4 dxc4 10. Nxc4 b6 11.
b3 Nb4 12. d4 cxd4 13. Nxd4 Bb7 14. Bxb7 Rxb7 15. Ba3 Qc7 16. Rc1 Qd7 17. Ne5 Qd5 18. Bxb4 Bxb4 19. Nec6 Ba3 20. Rc2 h6 21. Qe2 Bc5 22.
Rd1 e5 23. Nb5 Qxc6 24. b4 a6 25. Rd6 Qe4 26. bxc5 axb5 27. f3 Qxa4 28. c6 Rc7 29.
f4 exf4 30. Rxf6 gxf6 31. Qg4+ Kh8 32. Qh4 Qxc2 33. Qxh6+ Qh7 34. Qxf8+ Qg8 35. Qh6+ Qh7 36. Qf8+ Qg8 37. Qh6+ Qh7 38. Qf8+ 1/2-1/2

[Event "Late-Titled-Tuesday-Blitz-September-12-2023"]
[Site "Chess.com"]
[Date "2023.09.12"]
[Round "7"]
[White "Vyacheslav_N"]
[Black "djano"]
[Result "1-0"]
[WhiteElo "2501"]
[BlackElo "2625"]
[TimeControl "180+1"]
[EndTime "15:13:32 PDT"]
[Termination "Vyacheslav_N won on time"]

1. e4 c5 2. Nf3 Nc6 3. d4 cxd4 4.
Nxd4 g6 5. c4 e5 6. Nb5 d6 7. N1c3 Nf6 8. Be2 a6 9. Na3 Bg7 10. Nc2 O-O 11. O-O Be6 12. Be3 Rc8 13. b3 b5 14. cxb5 axb5 15. f3 b4 16. Nd5 Bxd5 17.
exd5 Ne7 18. Bc4 Nf5 19. Bf2 e4 20. Nxb4 e3 21. Be1 Qb6 22. Kh1 e2 23. Qxe2 Rfe8 24. Qf2 Ne3 25. Rg1 Nh5 26. Rc1 Bd4 27. Nc6 Rxc6 28. dxc6 Nxc4 29. Qf1 Ne3 30. Qd3 Nf5 31. Rf1 Nf4 32. Qc4 Ne3 33. Qb4 Nxf1 34. c7 Qa6 35.
Qxd4 Ne2 36. Qc4 Qxc4 37. Rxc4 Rc8 38. Ba5 d5 39. Rb4 Kg7 40. Rb8 Rxc7 41. Bxc7 d4 42. Rd8 Ne3 43. Be5+ f6 44. Bxd4 Nc2 45. a4 Nexd4 46.
a5 Nc6 47. Rd5 1-0

[Event "Late-Titled-Tuesday-Blitz-September-12-2023"]
[Site "Chess.com"]
[Date "2023.09.12"]
[Round "7"]
[White "LevonAronian"]
[Black "BogdanDeac"]
[Result "0-1"]
[WhiteElo "3064"]
[BlackElo "2983"]
[TimeControl "180+1"]
[EndTime "15:13:33 PDT"]
[Termination "BogdanDeac won on time"]

1. e4 e5 2. Nf3 Nf6 3. Nxe5 d6 4.
Nf3 Nxe4 5. Nc3 Nxc3 6. dxc3 Be7 7. Be3 O-O 8. Bd3 Nd7 9. Qd2 Nf6 10. O-O-O Re8 11.
Kb1 d5 12. Bg5 Bg4 13. Qf4 Qd6 14. Qa4 Bd7 15. Qh4 h6 16. Bf4 Qb6 17. Be3 c5 18.
Qf4 Bd6 19. Qh4 Be7 20. Qf4 Ng4 21. Ne5 Nxe5 22. Qxe5 Be6 23. Qg3 h5 24. Rhe1 Bf6 25. Ka1 Qa5 26. Bg5 Bxg5 27. Qxg5 c4 0-1

[Event "Late-Titled-Tuesday-Blitz-September-12-2023"]
[Site "Chess.com"]
[Date "2023.09.12"]
[Round "7"]
[White "FredyMatsuura"]
[Black "zajka-molotok"]
[Result "1-0"]
[WhiteElo "2353"]
[BlackElo "2493"]
[TimeControl "180+1"]
[EndTime "15:13:34 PDT"]
[Termination "FredyMatsuura won on time"]

1. d4 Nf6 2. Bg5 Ne4 3. Bh4 d5 4. f3 Nd6 5. Nc3 c6 6. e4 Qb6 7.
Qd2 dxe4 8. fxe4 Qxb2 9. Rb1 Qa3 10. Nf3 e6 11. Bd3 Nd7 12. O-O Nb6 13. e5 Ndc4 14. Qg5 Bd7 15. Rb3 Qa5 16. Ne4 h6 17. Qf4 Nd5 18. Qc1 Ba3 19. Qb1 Nce3 20. Be1 Qa4 21.
Rf2 O-O 22. Rxb7 Bc8 23. Rb3 Ba6 24. Bxa6 Qxa6 25. Bd2 Ng4 26. Rf1 c5 27. h3 c4 28.
Rxa3 Qxa3 29. hxg4 Ne3 30. Bb4 Qa6 31. Re1 1-0

[Event "Late-Titled-Tuesday-Blitz-September-12-2023"]
[Site "Chess.com"]
[Date "2023.09.12"]
[Round "7"]
[White "DanielNaroditsky"]
[Black "Zkid"]
[Result "1/2-1/2"]
[WhiteElo "3078"]
[BlackElo "2927"]
[TimeControl "180+1"]
[EndTime "15:13:35 PDT"]
[Termination "Game drawn by repetition"]

1. d4 d5 2. Nc3 Nf6 3. Bf4 c5 4.
e4 Nxe4 5. Nxe4 dxe4 6. dxc5 Qa5+ 7. c3 Qxc5 8. Qa4+ Nc6 9. Qxe4 g6 10. Nf3 Bf5 11. Qe3 Qxe3+ 12. Bxe3 Bg7 13. Be2 O-O-O 14. O-O Bd3 15. Bxd3 Rxd3 16. Rad1 Rxd1 17. Rxd1 h5 18. Kf1 Rd8 19. Rxd8+ Kxd8 20. Ke2 b5 21. Kd3 Kd7 22. b4 a5 23. a3 Kd6 24. Bc5+ Kd5 25.
a4 axb4 26. axb5 Kxc5 27. bxc6 Kxc6 28. cxb4 Kb5 29. Ng5 f5 30. Ne6 Bf6 31. Nf4 Kxb4 32. Nxg6 e5 33. f3 Kc5 34. g4 e4+ 35. fxe4 fxg4 36.
e5 Bg5 37. Ke4 h4 38. Nf4 Kc6 39. Kf5 Bxf4 40. Kxf4 g3 41. hxg3 h3 42. Kf3 Kd5 43.
g4 Kxe5 44. Kg3 Kf6 45. Kxh3 Kg5 46. Kg3 Kg6 47. Kh4 Kh6 48. g5+ Kg6 49. Kg4 Kg7 50.
Kh5 Kh7 51. g6+ Kg7 52. Kg5 Kg8 53. Kf5 Kg7 54. Kg5 Kg8 55. Kh5 Kg7 56. Kg5 1/2-1/2

[Event "Late-Titled-Tuesday-Blitz-September-12-2023"]
[Site "Chess.com"]
[Date "2023.09.12"]
[Round "7"]
[White "Giantgoogachess"]
[Black "IMSlavin"]
[Result "1-0"]
[WhiteElo "2386"]
[BlackElo "2224"]
[TimeControl "180+1"]
[EndTime "15:13:36 PDT"]
[Termination "Giantgoogachess won by resignation"]

1. d4 Nc6 2. Nf3 d6 3. e4 Bg4 4. Be3 Nf6 5. Nc3 e5 6. dxe5 dxe5 7. Qxd8+ Rxd8 8. Bb5 Bd6 9. Bxc6+ bxc6 10. Nd2 a6 11. f3 Be6 12. Ke2 Ke7 13. a3 Nd7 14. Rhd1 Rb8 15.
b3 a5 16. Na4 g6 17. c4 c5 18. Rab1 f5 19. Bf2 f4 20. Nc3 c6 21. Na4 g5 22. g4 h5 23. h3 hxg4 24. hxg4 Rh2 25. Rh1 Rbh8 26. Rxh2 Rxh2 27. Rd1 Rh8 28. Nb1 Rb8 29.
Nd2 Rh8 30. Kf1 Rh1+ 31. Bg1 Rh3 32. Kg2 Rh8 33. Bf2 Rh7 34. Rh1 Rxh1 35. Kxh1 Bf7 36. Nb1 Kd8 37. Nbc3 Kc7 38. Ne2 Bg6 39. Nc1 Bf7 40.
Nd3 Be6 41. Kg2 Bf7 42. Kf1 Bg8 43. Ke2 Be6 44. Ndxc5 Bxc5 45. Bxc5 Kd8 46. Bb6+ Nxb6 47. Nxb6 Kc7 48. Na4 Kd6 49. Nb2 Kc5 50. Kd3 Bf7 51. Kc3 Be6 52. Nd3+ Kd6 53. c5+ Ke7 54. Nxe5 Kf6 55.
Nxc6 Bd7 56. Nd4 1-0

[Event "Late-Titled-Tuesday-Blitz-September-12-2023"]
[Site "Chess.com"]
[Date "2023.09.12"]
[Round "7"]
[White "MBA_CHESS_2021"]
[Black "WilliamAlfaroCaracas"]
[Result "0-1"]
[WhiteElo "2210"]
[BlackElo "2275"]
[TimeControl "180+1"]
[EndTime "15:13:36 PDT"]
[Termination "WilliamAlfaroCaracas won on time"]

1. e4 e5 2. Nf3 Nc6 3. Bc4 Bc5 4. O-O Nf6 5. b4 Bxb4 6. c3 Ba5 7. d4 Qe7 8. d5 Nd8 9. Ba3 d6 10. Qa4+ Bd7 11. Qxa5 Nxe4 12. Re1 f5 13. Nbd2 O-O 14. Nxe4 fxe4 15. Rxe4 Rxf3 16. gxf3 Qg5+ 17. Kf1 b6 18.
Qb4 Nb7 19. Qb2 Rf8 20. Qc1 Bh3+ 21. Ke2 Qh5 22. Qe3 Bg2 23. Kd2 Rxf3 24. Be2 Rxe3 25. Rxe3 Qxh2 26. Rg3 Bxd5 27. Rag1 Qh6+ 28. Kc2 Be4+ 29.
Kb3 Na5+ 30. Ka4 Bc2+ 31. Kb5 c6+ 32. Ka6 Bg6 33. Kxa7 Qf4 0-1

[Event "Late-Titled-Tuesday-Blitz-September-12-2023"]
[Site "Chess.com"]
[Date "2023.09.12"]
[Round "7"]
[White "rookoco"]
[Black "Joshukid"]
[Result "1-0"]
[WhiteElo "2715"]
[BlackElo "2541"]
[TimeControl "180+1"]
[EndTime "15:13:37 PDT"]
[Termination "rookoco won on time"]

1. Nc3 d5 2. e4 c6 3. Nf3 dxe4 4.
Nxe4 Nf6 5. Qe2 Nxe4 6. Qxe4 Qa5 7. Bd3 Nd7 8. b4 Qd5 9. Qe2 e6 10. a3 Bd6 11. Bb2 O-O 12. Be4 Qh5 13. g4 Qh6 14. g5 Qh5 15. h4 c5 16. Rg1 cxb4 17. g6 fxg6 18. Rg5 Qh6 19. axb4 Bf4 20. Rga5 g5 21. Nxg5 Qxh4 22. Nxe6 Bxd2+ 23. Kd1 Rxf2 24. Bxh7+ Qxh7 25. Qxf2 Bxb4 26. Rg5 Qh1+ 27. Rg1 Qh5+ 28. Kc1 g6 29. Kb1 Nf8 30. Nxf8 Bxf8 31. Qf6 Bf5 32. Ra5 Bxc2+ 33. Kxc2 Rc8+ 34. Kb1 1-0

[Event "Late-Titled-Tuesday-Blitz-September-12-2023"]
[Site "Chess.com"]
[Date "2023.09.12"]
[Round "7"]
[White "GMJustin"]
[Black "ace_mar"]
[Result "0-1"]
[WhiteElo "2232"]
[BlackElo "2525"]
[TimeControl "180+1"]
[EndTime "15:13:37 PDT"]
[Termination "ace_mar won on time"]

1. d4 Nf6 2. c4 g6 3. Nc3 d5 4. Bd2 Bg7 5. Nf3 Kf8 6. cxd5 Nxd5 7. e4 Nb6 8. Be3 h6 9. h3 Kg8 10. Qb3 a5 11. a4 Nc6 12. Rd1 Nb4 13. Be2 Kh7 14. Qxf7 Nc2+ 15. Kf1 e6 16. Qf4 Rf8 17. Qg3 Nxe3+ 18. fxe3 e5 19. dxe5 Qe7 20. Kg1 Bd7 21. Nd5 Nxd5 22. exd5 Bxa4 23. Rd4 Bc2 24. Kh2 Rae8 25. Rc1 Bb3 26. e4 a4 27. Kh1 g5 28. Rd3 Rf4 29. Rdc3 Bxe5 30. Nxe5 Qxe5 31. Rxc7+ Kh8 32. Bd3 Rf1+ 33. Rxf1 Qxg3 34. Rff7 Qe5 35. Rxb7 Qxb2 0-1

[Event "Late-Titled-Tuesday-Blitz-September-12-2023"]
[Site "Chess.com"]
[Date "2023.09.12"]
[Round "7"]
[White "GothamChess"]
[Black "TatjanaVasilevich"]
[Result "1-0"]
[WhiteElo "2736"]
[BlackElo "2588"]
[TimeControl "180+1"]
[EndTime "15:13:38 PDT"]
[Termination "GothamChess won by checkmate"]

1. e4 c5 2. Nc3 Nc6 3. Bb5 g6 4. Bxc6 bxc6 5. d3 Bg7 6. f4 Rb8 7. Nf3 d6 8. O-O Nf6 9. Qe1 O-O 10. b3 Qa5 11. Bd2 Qc7 12. Kh1 e5 13. fxe5 dxe5 14.
Qh4 Ne8 15. Bh6 Be6 16. Bxg7 Nxg7 17. Qf6 Qa5 18. Ne2 Rbe8 19. Nxe5 Qd2 20. Nf4 Qxc2 21. Nxc6 h5 22. Ne7+ Rxe7 23. Qxe7 a5 24. Qf6 Ne8 25. Qg5 Ng7 26. Qf6 Ne8 27. Qe5 Ng7 28. Rac1 Qxa2 29.
Rxc5 Qxb3 30. Rxa5 f6 31. Nxe6 Qxd3 32. Qa1 Nxe6 33.
e5 fxe5 34. Rxf8+ Nxf8 35. Rxe5 Qd7 36. Qa2+ Qf7 37. Qe2 Qf6 38. h3 Nd7 39. Re8+ Nf8 40. Re7 Qa1+ 41. Kh2 Qf6 42. Qc4+ Kh8 43. Qe4 Kg8 44. Qd5+ Kh8 45. Rf7 Qd8 46. Qxd8 Kg8 47. Qxf8# 1-0

[Event "Late-Titled-Tuesday-Blitz-September-12-2023"]
[Site "Chess.com"]
[Date "2023.09.12"]
[Round "7"]
[White "Harald_Schmidt"]
[Black "a-z30"]
[Result "1-0"]
[WhiteElo "2293"]
[BlackElo "2407"]
[TimeControl "180+1"]
[EndTime "15:13:38 PDT"]
[Termination "Harald_Schmidt won by resignation"]

1. e4 d6 2. d4 Nf6 3. Nc3 g6 4. Bg5 Bg7 5. Qd2 h6 6. Be3 c6 7. h3 Nbd7 8. O-O-O Qc7 9. f4 b5 10. e5 b4 11. Nce2 Nd5 12. g3 N7b6 13. Bf2 Nc4 14. Qd3 Ba6 15. b3 Qa5 16. bxc4 Nc3 17. Kd2 Nxd1 18.
Kxd1 d5 19. e6 f5 20. Nf3 Bxc4 21. Qd2 O-O 22. Nc1 Bxa2 23. Ne5 Bxe5 24. fxe5 Kg7 25. Be3 Rh8 26. g4 Raf8 27. gxf5 Rxf5 28. Bd3 Rh5 29. Rg1 g5 30. Bxg5 hxg5 31. Rxg5+ Kf8 32. Qf4+ Ke8 33. Rxh5 Rxh5 34. Bg6+ Kd8 35. Bxh5 b3 36.
Qf8+ Kc7 37. Qxe7+ Kb6 38. Qc5+ Qxc5 39. dxc5+ Kxc5 40. cxb3 1-0

[Event "Late-Titled-Tuesday-Blitz-September-12-2023"]
[Site "Chess.com"]
[Date "2023.09.12"]
[Round "7"]
[White "BlueWizzard"]
[Black "cassoulet"]
[Result "0-1"]
[WhiteElo "2936"]
[BlackElo "2795"]
[TimeControl "180+1"]
[EndTime "15:13:39 PDT"]
[Termination "cassoulet won on time"]

1. e4 c5 2. Nf3 Nc6 3. d4 cxd4 4. Nxd4 Nf6 5. Nc3 e6 6. Nxc6 bxc6 7. e5 Nd5 8. Qf3 Qc7 9. Qg3 Nxc3 10. bxc3 h5 11.
h4 Rb8 12. Bd3 Qa5 13. Bd2 Ba6 14. O-O Bxd3 15. cxd3 g6 16. Rfb1 Rb6 17. Be3 c5 18. Qf3 Be7 19. Qa8+ Bd8 20. Rxb6 Qxb6 21. d4 O-O 22. dxc5 Qb2 23. Rd1 Qxc3 24. Bh6 Re8 25.
Bg5 Qxc5 26. Rxd7 Qxf2+ 27. Kh2 Qg1+ 28. Kh3 Qh1+ 29. Kg3 Qxh4+ 30. Kxh4 Bxg5+ 31. Kxg5 Rxa8 32. a4 Kg7 33. a5 a6 34. Rd6 Ra7 35. Rb6 Rd7 36.
Rxa6 Rd4 0-1

[Event "Late-Titled-Tuesday-Blitz-September-12-2023"]
[Site "Chess.com"]
[Date "2023.09.12"]
[Round "7"]
[White "TERMINATOR_PC"]
[Black "vladislavkovalev"]
[Result "0-1"]
[WhiteElo "2552"]
[BlackElo "2905"]
[TimeControl "180+1"]
[EndTime "15:13:39 PDT"]
[Termination "vladislavkovalev won by resignation"]

1. e4 e5 2. Nf3 Nc6 3. Bc4 Nf6 4.
d3 Be7 5. O-O d6 6. Re1 Na5 7.
Bb5+ c6 8. Ba4 b5 9. Bb3 O-O 10.
h3 Re8 11. Bg5 h6 12. Be3 Bf8 13. Nbd2 c5 14. c3 Nxb3 15. axb3 Bb7 16. b4 a6 17. Nb3 Rc8 18. Na5 Ba8 19. bxc5 dxc5 20. c4 Qd6 21.
Qc2 Nh5 22. Nb3 Nf4 23. Bxf4 exf4 24. Ra5 Qb6 25. Rea1 Bb7 26. Nc1 g5 27. Nd2 Bg7 28. Ne2 b4 29. Nb3 Red8 30. f3 Rd7 31. d4 cxd4 32.
Qd3 Rdc7 33. c5 Qe6 34. Nbxd4 Qd7 35. c6 Rxc6 36. Rd1 Rd6 37. e5 Rd5 38. Rxd5 Qxd5 39.
Qb3 Qxb3 40. Nxb3 Bxe5 0-1

[Event "Late-Titled-Tuesday-Blitz-September-12-2023"]
[Site "Chess.com"]
[Date "2023.09.12"]
[Round "7"]
[White "RichardLeyvaP"]
[Black "sofaceindisguise"]
[Result "1-0"]
[WhiteElo "2628"]
[BlackElo "2769"]
[TimeControl "180+1"]
[EndTime "15:13:40 PDT"]
[Termination "RichardLeyvaP won by resignation"]

1. e4 c5 2. Nf3 e6 3. d4 cxd4 4. Nxd4 Nf6 5. Nc3 Nc6 6. Ndb5 Bc5 7. Bf4 a6 8. Nc7+ Ke7 9. Nxa8 d6 10. Qd2 b5 11.
O-O-O Bb7 12. Nb6 b4 13. Nbd5+ exd5 14. Nxd5+ Nxd5 15. exd5 Ne5 16. Bxe5 dxe5 17. Qg5+ Kd6 18. Qxg7 Rf8 19. Qg3 Qf6 20. f3 h5 21. h4 a5 22. Kb1 a4 23. Qg5 Qh8 24. f4 f6 25.
fxe5+ fxe5 26. Qg6+ Rf6 27. Qd3 a3 28. Qb5 Rf7 29. Qc4 e4 30. Qb3 Qe5 31. Bb5 Rf2 32. Bc6 Ba6 33. bxa3 bxa3 34. Qb8+ 1-0

[Event "Late-Titled-Tuesday-Blitz-September-12-2023"]
[Site "Chess.com"]
[Date "2023.09.12"]
[Round "7"]
[White "Lennis93"]
[Black "ozates"]
[Result "0-1"]
[WhiteElo "2706"]
[BlackElo "2574"]
[TimeControl "180+1"]
[EndTime "15:13:40 PDT"]
[Termination "ozates won on time"]

1. Nf3 Nc6 2. e4 e5 3. Bc4 Bc5 4. b4 Bxb4 5. c3 Ba5 6. d4 d6 7. Qb3 Qd7 8. O-O Nf6 9. dxe5 Nxe4 10. Ba3 O-O 11. Bd5 Nc5 12. Bxc5 dxc5 13. Rd1 Qf5 14. Bxc6 bxc6 15. Nbd2 Be6 16. Qa3 Bb6 17. Nb3 Bd5 18. Nbd2 c4 19. Re1 g5 20. Re2 g4 21. Nd4 Bxd4 22.
cxd4 Rab8 23. Rae1 Kh8 24. Qc1 Qe6 25. Ne4 Rb6 26.
Nf6 Rfb8 27. Qh6 Qf5 28. h3 Qg6 29. Qxg6 hxg6 30. hxg4 Rb1 31. f3 c3 32. Rxb1 Rxb1+ 33. Kf2 Rb2 34. Ke3 c2 35. Rxc2 Rxc2 36. g3 Rc3+ 37. Kf4 Rxf3+ 38. Kg5 Rxf6 0-1

[Event "Late-Titled-Tuesday-Blitz-September-12-2023"]
[Site "Chess.com"]
[Date "2023.09.12"]
[Round "7"]
[White "Alphafischer2019"]
[Black "Sinquefield"]
[Result "1-0"]
[WhiteElo "2561"]
[BlackElo "2441"]
[TimeControl "180+1"]
[EndTime "15:13:41 PDT"]
[Termination "Alphafischer2019 won by resignation"]

1. d4 d6 2. e4 Nf6 3. Nc3 e5 4. dxe5 dxe5 5. Qxd8+ Kxd8 6. Bc4 Be6 7. Bxe6 fxe6 8. f3 Bb4 9. Bd2 c6 10. Nh3 h6 11. Nf2 Nbd7 12. Nd3 Be7 13. a4 Kc7 14. Ke2 g5 15. h3 Nh5 16. Rhd1 Nf4+ 17. Bxf4 exf4 18.
a5 Nc5 19. Ne5 Bf6 20. Nd3 Nd7 21. Na4 b6 22. c3 Rhd8 23. Ra3 Be7 24. b4 b5 25.
Nab2 c5 26. Raa1 c4 27. Ne1 Ne5 28. Rxd8 Rxd8 29. Rd1 Rxd1 30. Kxd1 Nc6 31. Nc2 Bf6 32. Kd2 Kd6 33. Nd1 h5 34. Nf2 Ne5 35. a6 Nc6 36.
Na3 Kc7 37. Nxb5+ Kb6 38. Nd6 Ne5 39. Nd1 Nd3 40. Nxc4+ 1-0

[Event "Late-Titled-Tuesday-Blitz-September-12-2023"]
[Site "Chess.com"]
[Date "2023.09.12"]
[Round "7"]
[White "lilylg"]
[Black "Defenstrator"]
[Result "0-1"]
[WhiteElo "2155"]
[BlackElo "2364"]
[TimeControl "180+1"]
[EndTime "15:13:41 PDT"]
[Termination "Defenstrator won on time"]

1. d4 g5 2. c4 Bg7 3. Bxg5 c5 4. Be3 Qb6 5. Nf3 Qxb2 6. Nbd2 cxd4 7. Rb1 Qc3 8. Rb3 Qa5 9. Bxd4 Nf6 10. e3 Nc6 11.
Bc3 Qc7 12. Bd3 d6 13. O-O Bg4 14. h3 Bh5 15. Qb1 b6 16. Nh4 e6 17. Qb2 Ne5 18. Bb1 Be2 19. Re1 Bxc4 20. Bxe5 dxe5 21. Rc1 b5 22. Rxb5 O-O 23. Rxc4 Qd7 24. Rb7 Qd5 25.
Rb5 Qd7 26. Nhf3 Rfd8 27. Rxe5 Nd5 28. Rg4 f5 29. Rxg7+ Qxg7 30. Qa3 Rab8 31. Bd3 Nb4 32. Bc4 Kh8 33. Bxe6 Nc6 0-1

[Event "Late-Titled-Tuesday-Blitz-September-12-2023"]
[Site "Chess.com"]
[Date "2023.09.12"]
[Round "7"]
[White "aNaartjieZA"]
[Black "Schwindle"]
[Result "0-1"]
[WhiteElo "2497"]
[BlackElo "2446"]
[TimeControl "180+1"]
[EndTime "15:13:42 PDT"]
[Termination "Schwindle won by resignation"]

1. e4 e6 2. d3 c5 3. Nf3 Nc6 4. g3 d6 5. Bg2 g6 6. O-O Bg7 7. Re1 Nge7 8. c3 e5 9. a3 O-O 10. b4 b6 11. Nbd2 h6 12. Bb2 f5 13. b5 Na5 14. exf5 Bxf5 15. Nb3 Nxb3 16. Qxb3+ Kh7 17. Nh4 Rc8 18. Nxf5 Rxf5 19. Bh3 Qd7 20. Re2 Rcf8 21. Rae1 h5 22. Bc1 Qb7 23. Bxf5 Nxf5 24. Re4 d5 25. R4e2 h4 26. Bg5 h3 27. f4 d4 28. c4 Ne3 29. Qb2 Qf3 30. Rf2 Qg4 31. Qe2 Qf5 32. Be7 Re8 33. Bd6 e4 34. dxe4 Rxe4 35.
Qf3 Re6 36. Be5 Ng4 37. Rfe2 Bxe5 38. Qd5 Ne3 39. Rxe3 dxe3 40. fxe5 Qf2+ 0-1

[Event "Late-Titled-Tuesday-Blitz-September-12-2023"]
[Site "Chess.com"]
[Date "2023.09.12"]
[Round "7"]
[White "traack"]
[Black "Gentlejimmy7"]
[Result "0-1"]
[WhiteElo "2356"]
[BlackElo "2534"]
[TimeControl "180+1"]
[EndTime "15:13:43 PDT"]
[Termination "Gentlejimmy7 won by checkmate"]

1. e4 c5 2. Nf3 e6 3. d4 cxd4 4.
Nxd4 a6 5. c4 Qc7 6. Nc3 Nf6 7. a3 b6 8. Bd3 Bb7 9. O-O Be7 10. Kh1 d6 11. f4 Nbd7 12. Qe2 Rc8 13. Be3 h5 14. Rac1 Ng4 15. Bg1 g6 16. h3 e5 17. Nb3 Nc5 18. Bxc5 dxc5 19. hxg4 hxg4+ 20. Kg1 exf4 21. Qxg4 Rh4 22. Qf3 Qe5 23. Nd5 Bxd5 24.
exd5 Qh8 25. Kf2 Qxb2+ 26. Bc2 Kf8 27. Rfe1 Bf6 28. Qd3 Bg5 29. Rb1 Qf6 30. Qf3 Rh2 31. Kg1 Qh8 32. Kf2 Bh4+ 33. Ke2 Re8+ 34. Kd2 Bxe1+ 35. Rxe1 Rxe1 36. Kxe1 Rh1+ 37. Kd2 Qh4 38. d6 Qe1+ 39. Kd3 Qe6 40. Qd5 Qe3# 0-1

[Event "Late-Titled-Tuesday-Blitz-September-12-2023"]
[Site "Chess.com"]
[Date "2023.09.12"]
[Round "7"]
[White "JoseRemolar"]
[Black "RCone"]
[Result "0-1"]
[WhiteElo "2458"]
[BlackElo "2334"]
[TimeControl "180+1"]
[EndTime "15:13:43 PDT"]
[Termination "RCone won by checkmate"]

1. d4 d6 2. e4 Nf6 3. Nc3 g6 4. f4 Bg7 5. Nf3 O-O 6. Bd3 Na6 7. e5 dxe5 8. fxe5 Nd5 9. Nxd5 Qxd5 10. c4 Qd8 11.
Bd2 Bg4 12. Bc3 c6 13. h3 Bxf3 14. Qxf3 Nc7 15. O-O-O e6 16. h4 c5 17. dxc5 Qe7 18.
h5 Na6 19. hxg6 hxg6 20. Qh3 Rfd8 21. Rdf1 Qg5+ 22. Kb1 Rxd3 23. Qxd3 Nxc5 24. Qh3 Kf8 25. Rf3 Rc8 26. Rhf1 Rc7 27. Rg3 Qh5 28. Qxh5 gxh5 29. Rh3 Ne4 30. Bb4+ Ke8 31. Rxh5 Ng3 32. Rhh1 Nxh1 33.
Bd6 Ng3 34. Rf3 Rxc4 35. Rxg3 Bh6 36. Rg8+ Kd7 37. Rh8 Rc1# 0-1

[Event "Late-Titled-Tuesday-Blitz-September-12-2023"]
[Site "Chess.com"]
[Date "2023.09.12"]
[Round "7"]
[White "infinitegiantkiller"]
[Black "CFalcons8"]
[Result "1-0"]
[WhiteElo "2454"]
[BlackElo "2304"]
[TimeControl "180+1"]
[EndTime "15:13:43 PDT"]
[Termination "infinitegiantkiller won on time"]

1. Nf3 Nf6 2. g3 d5 3. Bg2 Bf5 4. O-O e6 5. d3 Nbd7 6. b3 Be7 7. Bb2 c5 8. Nbd2 O-O 9. Re1 h6 10. e4 dxe4 11. dxe4 Bh7 12. Qe2 Qc7 13. Rad1 a6 14. a4 Rab8 15. h4 b5 16. axb5 axb5 17. Nh2 Rfc8 18.
Ng4 Nxg4 19. Qxg4 Bf6 20. Bxf6 Nxf6 21. Qe2 c4 22. bxc4 bxc4 23. c3 Nd7 24. Nf3 Ne5 25. Nxe5 Qxe5 26. Rd4 Rb3 27. Red1 Bg6 28. f4 Qc5 29. Qe3 Kh7 30. Bf1 Qa5 31. Rc1 Qa4 32. Be2 Rb2 33. h5 Qa2 34. hxg6+ fxg6 35. Bf1 Rc5 36.
Rcd1 Rh5 37. R4d2 1-0